 Dungeon Crawl Stone Soup version 0.25-a0-589-g1e14c549ee (webtiles) character file.

Game seed: 14364541736471820204, levelgen mode: deterministic

824 Kohma the Shield-Bearer (level 7, -4/66 HPs)
             Began as a Troll Fighter on Mar 11, 2020.
             Slain by a gnoll
             ... wielding a +0 halberd
              (11 damage)
             ... on level 5 of the Dungeon.
             The game lasted 00:09:00 (2751 turns).

Kohma the Shield-Bearer (Troll Fighter)             Turns: 2751, Time: 00:09:00

Health: -4/66      AC:  7    Str: 25    XL:     7   Next: 64%
Magic:  6/6        EV:  9    Int:  6    God:
Gold:   219        SH: 10    Dex:  9    Spells: 6/6 levels left

rFire    . . .     SeeInvis +     - Unarmed
rCold    . . .     Gourm    +   b - +0 kite shield
rNeg     . . .     Faith    .   a - +0 robe
rPois    .         Spirit   .   (helmet restricted)
rElec    .         Reflect  .   q - +0 cloak
rCorr    .         Harm     .   (gloves unavailable)
MR       .....                  (boots unavailable)
Stlth    +.........             (no amulet)
HPRegen  0.61/turn              m - ring of see invisible
MPRegen  0.10/turn              (no ring)

@: mighty
A: large, unfitting armour, claws 3, fast metabolism 3, gourmand, regeneration
1, shaggy fur 1, tough skin 3
a: no special abilities


You were on level 5 of the Dungeon.
You were very full.

You visited 1 branch of the dungeon, and saw 5 of its levels.

You collected 219 gold pieces.

Inventory:

Missiles
 l - 20 poisoned darts (quivered)
 p - 14 javelins
Armour
 a - a +0 robe (worn)
 b - a +0 kite shield (worn)
 q - a +0 cloak (worn)
Jewellery
 m - a ring of see invisible (left claw)
Wands
 h - a wand of digging (2)
Scrolls
 e - 2 scrolls of remove curse
 g - 5 scrolls of identify
Potions
 i - a potion of flight
 k - 2 potions of resistance
Comestibles
 d - 11 rations


   Skills:
 - Level 2.4 Fighting
 - Level 2.4 Dodging
 * Level 6.4 Shields
 + Level 5.3 Unarmed Combat


You had 6 spell levels left.
You didn't know any spells.
Your spell library was empty.

Dungeon Overview and Level Annotations

Branches:
Dungeon (5/15)
 Temple: D:4-7

Altars:
Kikubaaqudgha
Okawaru


Innate Abilities, Weirdness & Mutations

You are too large for most types of armour.
You have claws for hands.
Your metabolism is lightning-fast.
You like to eat raw meat.
Your natural rate of healing is unusually fast.
You are covered in fur. (AC +1)
You have extremely tough skin. (AC +3)


Message History

The orc hits you with a +0 whip.
* * * LOW HITPOINT WARNING * * *
The gnoll hits you from afar with a +0 halberd.
* * * LOW HITPOINT WARNING * * *
A jackal comes into view.
You barely miss the orc.
The sentinel's mark upon you fades away.
An orc comes into view. It is wielding a +0 hand axe.
You block the gnoll's attack. The orc closely misses you.
A jackal comes into view.
You block the gnoll's attack.
You claw the orc!
You kill the orc!
The gnoll hits you from afar with a +0 halberd!
* * * LOW HITPOINT WARNING * * *
You mangle the jackal!!
You kill the jackal!
You block the gnoll's attack. The gnoll closely misses you.
The gnoll hits you from afar with a +0 halberd!
You die...

.###8..8##.#.####
#..Z...#...#
###..###.###
#ooh._###
###.h### #_lgo.#
###)g## #.h..#
###@.## #⌠....#
##.##.# ######


You could see an iguana, 2 orc wizards, 2 gnolls, an orc, 3 jackals and a quokka
skeleton.

Vanquished Creatures
  Duvessa (D:4)
  A sky beast (D:5)
  A phantom (D:3)
  Dowan (D:4)
  A scorpion (D:5)
  A bullfrog zombie (D:3)
  2 hounds (D:4)
  A bullfrog skeleton (D:3)
  An orc priest (D:4)
  An orc wizard (D:3)
  2 worker ants (D:4)
  A hound skeleton (D:5)
  4 gnolls
  3 adders
  A shadow imp (D:5)
  2 oozes
  4 worms
  A dart slug (D:3)
  2 leopard geckos
  10 orcs
  7 bats
  5 giant cockroaches
  9 goblins
  8 hobgoblins
  9 jackals
  9 kobolds
  2 quokkas
  A ball python (D:3)
  3 frilled lizards
  A quokka skeleton (D:4)
  10 rats
105 creatures vanquished.

Notes
Turn   | Place    | Note
-------+----------+-------------------------------------------
     0 | D:1      | Kohma the Troll Fighter began the quest for the Orb.
     0 | D:1      | Reached XP level 1. HP: 22/22 MP: 0/0
    74 | D:1      | Reached XP level 2. HP: 25/29 MP: 1/1
   184 | D:1      | Reached skill level 3 in Shields
   353 | D:1      | Reached XP level 3. HP: 32/36 MP: 2/2
   837 | D:2      | Reached XP level 4. HP: 44/44 MP: 3/3
  1304 | D:3      | Reached skill level 4 in Shields
  1304 | D:3      | Reached XP level 5. HP: 48/50 MP: 4/4
  1364 | D:3      | Noticed a phantom
  1394 | D:3      | Killed a phantom
  1396 | D:3      | Reached XP level 6. HP: 48/59 MP: 5/5
  1558 | D:3      | Reached skill level 5 in Shields
  1804 | D:4      | Noticed Duvessa
  1804 | D:4      | Noticed Dowan
  1977 | D:4      | Killed Duvessa
  1990 | D:4      | Killed Dowan
  2148 | D:4      | Reached XP level 7. HP: 60/66 MP: 6/6
  2553 | D:5      | Entered Level 5 of the Dungeon
  2576 | D:5      | Reached skill level 6 in Shields
  2576 | D:5      | Reached skill level 5 in Unarmed Combat
  2718 | D:5      | Found an iron altar of Okawaru.
  2719 | D:5      | Found an ancient bone altar of Kikubaaqudgha.
  2751 | D:5      | Slain by a gnoll

Levels and vault maps discovered:
D:1:      dpeg_arrival_triangle_fractal, layout_rooms, minivault_14,
          minmay_pentomino_p4
D:2:      layout_loops_ring
D:3:      layout_rooms
D:4:      layout_rooms, nicolae_overflow_hidden_temple, uniq_duvessa
D:5:      minmay_thinvault, layout_loops_ring, minitemple,
          minmay_temple_entry_glassed_door, first_ration

Skill      XL: |  1  2  3  4  5  6  7 |
---------------+----------------------+-----
Shields        | 3 4 5 6 |  6.4
Unarmed Combat | 3 4 5 |  5.3
Fighting       | |  2.4
Dodging        | |  2.4

Action                   |  1- 3 |  4- 6 |  7- 9 || total
-------------------------+-------+-------+-------++-------
Melee: Unarmed           |   116 |   143 |    62 ||   321
  Use: Scroll            |       |     5 |     3 ||     8
       Potion            |       |     2 |     1 ||     3
 Stab: Sleeping          |       |     1 |       ||     1
  Eat: Chunk             |    13 |    13 |     4 ||    30
Armor: Robe              |    43 |    52 |    22 ||   117
Dodge: Dodged            |    42 |    35 |    19 ||    96
Block: Kite shield       |    64 |    56 |    34 ||   154

Table legend:
 A = Non-vault XP
 B = Vault XP
 C = Vault XP percentage of total XP
 D = Non-vault monster count
 E = Vault monster count
 F = Vault count percentage of total count
                 A         B        C        D         E       F
            +---------+---------+-------+---------+---------+-------
      Total |     947 |     231 |  19.6 |      98 |       7 |   6.7
            +---------+---------+-------+---------+---------+-------
        D:1 |      49 |      14 |  22.2 |      29 |       5 |  14.7
        D:2 |      89 |       0 |   0.0 |      17 |       0 |   0.0
        D:3 |     311 |       0 |   0.0 |      28 |       0 |   0.0
        D:4 |     230 |     217 |  48.5 |      15 |       2 |  11.8
        D:5 |     268 |       0 |   0.0 |       9 |       0 |   0.0
            +---------+---------+-------+---------+---------+-------
